 Dungeon Crawl Stone Soup version 0.31-a0-564-g3b7de120b3 (webtiles) character file.

Game seed: 15314921212165526772

22 Iich the Trooper (level 2, 24/24 HPs)
             Began as a Demonspawn Fighter on Aug 18, 2023.
             Got out of the dungeon alive.
             The game lasted 00:01:40 (1079 turns).

Iich the Trooper (Demonspawn Fighter)               Turns: 1079, Time: 00:01:41

Health: 24/24      AC:  6    Str: 16    XL:     2   Next: 68%
Magic:  2/2        EV:  9    Int:  9    God:
Gold:   25         SH:  4    Dex: 12    Spells: 1/1 levels left

rFire   . . .        a - +1 war axe
rCold   . . .        c - +0 buckler
rNeg    . . .        b - +0 scale mail
rPois   .            (no helmet)
rElec   .            (no cloak)
rCorr   .            (no gloves)
SInv    .            (no boots)
Will    .....        (no amulet) Stlth
                     (no ring)
HPRegen 0.24/turn    (no ring)
MPRegen 0.08/turn

%: no passive effects
@: no status effects
A: powered by pain 1
a: no special abilities


You escaped.
You visited 1 branch of the dungeon, and saw 2 of its levels.

You collected 25 gold pieces.

Inventory:

Hand Weapons
 a - a +1 war axe (weapon)
Armour
 b - a +0 scale mail (worn)
 c - a +0 buckler (worn)
Scrolls
 f - a scroll of teleportation {unknown}
 g - 2 scrolls of enchant weapon
 h - a scroll of vulnerability {unknown}
 i - a scroll of fear {unknown}
Potions
 d - 2 potions of might
 e - 2 potions of brilliance {unknown}
 j - a potion of enlightenment {unknown}
 k - a potion of curing {unknown}
 l - a potion of lignification {unknown}


   Skills:
 + Level 3.3 Fighting
 + Level 2.2 Axes
 - Level 2.6 Armour
 + Level 1.1 Dodging
 - Level 2.6 Shields


You had one spell level left.
You didn't know any spells.
Your spell library contained the following spells:

 Spells                   Type           Power      Damage    Failure   Level
 Ensorcelled Hibernation  Hex/Ice        0%         N/A       96%         2
 Passwall                 Tmut/Erth      0%         N/A       96%         2
 Swiftness                Air            0%         N/A       99%         3


Dungeon Overview and Level Annotations

Branches:
Dungeon (2/15)

Altars:


Innate Abilities, Weirdness & Mutations

You sometimes gain a little power by taking damage.


Message History

You take 1 damage, and have 23/24 hp.
You completely miss the rat. You block the rat's attack.
The rat bites you but does no damage.
You barely miss the rat. The rat closely misses you.
You slash the rat!
You kill the rat!
Health restored: 24 No target in view!
You see here a rat corpse.
Found 5 boomerangs.
Found a scale mail.
Found a scale mail.
Found a stone staircase leading up.
e - 2 clear potions (gained 1)
You open the door.
There is an open door here.
You open the door.
A frilled lizard comes into view.
The frilled lizard hisses angrily.
A frilled lizard is nearby!
There is an open door here.
You slash the frilled lizard!
You kill the frilled lizard!
No target in view!
You open the door.
Found a spear.
There is an open door here.
l - a pink potion You pace your travel speed to your slowest ally.
Welcome back, Iich the Demonspawn Fighter.
Press ? for a list of commands and other information.
What level of the Dungeon? (default 1, ? - help)
There is an open door here.
There is an open door here.
There is an open door here.
There is a stone staircase leading up here.
You climb upwards.
There is a stone staircase leading down here.
There is an open gate here.
There is a staircase leading out of the dungeon here.
You have escaped!

...#.#...........................
...#.#...........................
.#.#.#.....#####.................
.....#.....#...#.................
#....#.....#.8.#######...........
#.##.#.....#.........#..♣.♣.♣.♣..
.....#.....##........##..........
#.#..#.⌠....#.........'..........
#.#..#..⌠.^.#...@.....'..........
#.#..#.⌠....#.........'..........
#....#.....##........##..........
####.#.....#.........#..♣.♣.♣.♣..
..##.#.....#.8.#######...........
#..###.....#...#.................
##..##.....#####.................
###..#...........................
..(..#...........................


There were no monsters in sight!

Vanquished Creatures
  An adder (D:2)
  An endoplasm (D:2)
  2 giant cockroaches (D:1)
  A hobgoblin (D:1)
  A quokka (D:2)
  3 ball pythons (D:1)
  A frilled lizard (D:2)
  3 rats
13 creatures vanquished.

Notes
Turn   | Place    | Note
-------+----------+-------------------------------------------
     0 | D:1      | Iich the Demonspawn Fighter began the quest for the Orb.
     0 | D:1      | Reached XP level 1. HP: 18/18 MP: 1/1
   599 | D:1      | Gained mutation: You sometimes gain a little power by
                  | taking damage. [demonic ancestry]
   599 | D:1      | Reached XP level 2. HP: 21/24 MP: 2/2
   940 | D:2      | Reached skill level 1 in Dodging
  1079 | D:$      | Got out of the dungeon alive.

Illustrated notes

Levels and vault maps discovered:
D:1:      wander_arrival_estate, layout_basic,
          amcnicky_mini_rare_corridor_liquid
D:2:      layout_basic, uniq_crazy_yiuf_cottage

Skill      XL: |  1  2 |
---------------+-------+-----
Axes           | 2 |  2.2
Dodging        | 1 |  1.1
Fighting       | |  3.3
Armour         | |  2.6
Shields        | |  2.6

Action                     || total
---------------------------++-------
  Melee: War axe           ||    48
    Use: Scroll            ||     1
 Armour: Scale mail        ||    19
  Dodge: Dodged            ||    21
  Block: Buckler           ||    18

Table legend: (Time is in decaauts)
 A = Elapsed time spent in this place.
 B = Non-inter-level travel time spent in this place.
 C = Inter-level travel time spent in this place.
 D = Time resting spent in this place.
 E = Time spent auto-exploring this place.
 F = Levels seen in this place.
 G = Mean time per level.
                   A        B        C        D        E       F      G
               +--------+--------+--------+--------+--------+-----+--------+
         Total |   1100 |   1014 |     86 |      0 |    882 |   2 |  550.0 |
       Dungeon |   1100 |   1014 |     86 |      0 |    882 |   2 |  550.0 |
               +--------+--------+--------+--------+--------+-----+--------+

Top non-repeatable levels by time:
     D:1: 842 daAuts
     D:2: 258 daAuts
